[Event "10th LBHM Open 2024"]
[Site "Pune"]
[Date "2024.05.21"]
[Round "5.6"]
[White "Dere Pushkar"]
[Black "Khairmode Dhanashree"]
[Result "1-0"]
[ECO "B90"]
[WhiteElo "2209"]
[BlackElo "1892"]
[PlyCount "91"]
[EventDate "2024.05.21"]
[EventType "swiss"]
[EventCountry "IND"]
[TimeControl "5400+30"]

1. e4 c5 2. Nf3 d6 3. d4 cxd4 4. Nxd4 Nf6 5. Nc3 a6 6. Rg1 e5 7. Nb3 h5 8. Be3 Be6 9. h3 h4 10. g4 hxg3 11. Rxg3 Nbd7 12. Qf3 b5 13. a4 b4 14. Nd5 Bxd5 15. exd5 Nb6 16. Bg5 Be7 17. a5 Nbxd5 18. Bxf6 Nxf6 19. Qc6+ Kf8 20. Bxa6 Rh4 21. Bb7 Ra7 22. a6 Ne4 23. Rg4 f5 24. Rxh4 Bxh4 25. O-O-O Bxf2 26. Rf1 Be3+ 27. Kb1 Bf4 28. Qb5 g5 29. Qxb4 Nf6 30. Rd1 Ne8 31. Na5 Qc7 32. Qb5 Be3 33. Nc6 Qb6 34. Nxa7 Qxa7 35. Qd7 f4 36. Qf5+ Ke7 37. Qxg5+ Kd7 38. Qf5+ Kd8 39. h4 Qb6 40. h5 Bd4 41. c3 Bc5 42. h6 Ba3 43. Rd2 Qg1+ 44. Ka2 Bc5 45. h7 Qg7 46. Rh2 1-0

[Event "10th LBHM Open 2024"]
[Site "Pune"]
[Date "2024.05.21"]
[Round "5.7"]
[White "Koustuv Dash"]
[Black "Gyana Sai Santhosh M"]
[Result "1/2-1/2"]
[ECO "E44"]
[WhiteElo "2133"]
[BlackElo "1874"]
[PlyCount "142"]
[EventDate "2024.05.21"]
[EventType "swiss"]
[EventCountry "IND"]
[TimeControl "5400+30"]

1. d4 Nf6 2. c4 e6 3. Nc3 Bb4 4. e3 b6 5. Nge2 Bb7 6. a3 Bxc3+ 7. Nxc3 Ne4 8. Nxe4 Bxe4 9. Qg4 Bg6 10. h4 h5 11. Qd1 d6 12. Be2 Be4 13. f3 Bg6 14. e4 Nd7 15. Bg5 f6 16. Be3 a5 17. c5 dxc5 18. dxc5 Nxc5 19. Bxc5 Qxd1+ 20. Rxd1 bxc5 21. Bb5+ Kf8 22. Rc1 Be8 23. Bxe8 Kxe8 24. Rxc5 Ra7 25. O-O e5 26. f4 exf4 27. Rxf4 Ke7 28. e5 Rb7 29. exf6+ gxf6 30. Rc2 Rhb8 31. Re2+ Kf7 32. Ref2 Rb6 33. Rf5 Kg6 34. Kh2 Ra6 35. Rc5 Rb7 36. Rf3 a4 37. Rg3+ Kh6 38. Rg8 Rd6 39. Rh8+ Kg6 40. Rcxh5 Rxb2 41. R8h6+ Kf7 42. Rh7+ Kg6 43. R5h6+ Kf5 44. Rxc7 Rdd2 45. Rg7 Rb3 46. Rh5+ Ke6 47. Ra5 Rxa3 48. Rg4 Raa2 49. h5 Rd7 50. Ra6+ Kf5 51. Rg3 Rh7 52. Ra5+ Ke6 53. Re3+ Kd6 54. Kh3 Rb2 55. g4 Rb3 56. Ra6+ Kd5 57. Rg3 f5 58. Ra5+ Ke6 59. Ra6+ Ke5 60. Ra5+ Ke6 61. Rxf5 Rxg3+ 62. Kxg3 Ra7 63. Rf1 a3 64. Ra1 Kf6 65. Kh4 a2 66. Rf1+ Kg7 67. Ra1 Ra5 68. g5 Ra4+ 69. Kg3 Ra5 70. Kh4 Ra4+ 71. Kg3 Ra5 1/2-1/2

[Event "10th LBHM Open 2024"]
[Site "Pune"]
[Date "2024.05.21"]
[Round "5.8"]
[White "Aadik Theophane Lenin"]
[Black "Arpith S Bijoy"]
[Result "1/2-1/2"]
[ECO "A43"]
[WhiteElo "1872"]
[BlackElo "2011"]
[PlyCount "112"]
[EventDate "2024.05.21"]
[EventType "swiss"]
[EventCountry "IND"]
[TimeControl "5400+30"]

1. d4 Nf6 2. Nf3 c5 3. d5 d6 4. Nc3 g6 5. e4 Bg7 6. Be2 O-O 7. O-O Bg4 8. h3 Bxf3 9. Bxf3 Nbd7 10. Be2 Ne8 11. Bg5 Nc7 12. Qd2 a6 13. a4 b6 14. Bh6 Nf6 15. Bxg7 Kxg7 16. f4 b5 17. axb5 axb5 18. Rxa8 Qxa8 19. e5 dxe5 20. d6 exd6 21. fxe5 dxe5 22. Qd6 Ne6 23. Qxe5 Qd8 24. Nxb5 Nd4 25. Nxd4 Qxd4+ 26. Qxd4 cxd4 27. Rd1 Rc8 28. Rd2 Ng8 29. b4 Ne7 30. b5 Kf6 31. Rxd4 Rxc2 32. Rf4+ Kg7 33. Bc4 f5 34. Rd4 Rb2 35. Rd7 Kf6 36. Rd6+ Kg5 37. Rd7 Nc8 38. Rxh7 Kf4 39. Rg7 Nd6 40. Bf1 Ne4 41. Bd3 Ng3 42. Rxg6 Rd2 43. Bc4 Rd4 44. Bb3 Rb4 45. Bc2 Rxb5 46. Kh2 Nf1+ 47. Kg1 Ne3 48. Bd3 Rb2 49. Kh2 Rd2 50. Bb5 Ke5 51. Bc6 f4 52. h4 Rd1 53. Bf3 Re1 54. Rg8 Rc1 55. Re8+ Kf6 56. Rf8+ Ke5 1/2-1/2

[Event "10th LBHM Open 2024"]
[Site "Pune"]
[Date "2024.05.21"]
[Round "5.9"]
[White "Andabatla Satvik"]
[Black "Sharsha Backer"]
[Result "0-1"]
[ECO "B48"]
[WhiteElo "1684"]
[BlackElo "1997"]
[PlyCount "120"]
[EventDate "2024.05.21"]
[EventType "swiss"]
[EventCountry "IND"]
[TimeControl "5400+30"]

1. e4 c5 2. Nf3 e6 3. d4 cxd4 4. Nxd4 Nc6 5. Nc3 Qc7 6. Be3 a6 7. Bd3 Nf6 8. O-O b5 9. h3 Bb7 10. Qe2 Rc8 11. f4 Nxd4 12. Bxd4 Bc5 13. Bxc5 Qxc5+ 14. Kh2 b4 15. Nd1 O-O 16. Nf2 e5 17. Ng4 Nxg4+ 18. Qxg4 d6 19. b3 Rc7 20. Rae1 exf4 21. Rxf4 Qe5 22. Ref1 Bc8 23. Qg3 Be6 24. Kh1 a5 25. Qe1 Rfc8 26. Qd1 h6 27. Rh4 Rc5 28. Rf2 Qb2 29. Ba6 R8c6 30. Bc4 Bxc4 31. bxc4 Rxc4 32. Qd5 Qa1+ 33. Kh2 Qe5+ 34. Rhf4 Qxd5 35. exd5 Rxf4 36. Rxf4 Rxc2 37. a3 b3 38. Rf3 a4 39. Rf4 Rc5 40. Rxa4 Rb5 41. Ra8+ Kh7 42. a4 Rb4 43. a5 b2 44. a6 b1=Q 45. a7 Ra4 46. Rb8 Qe4 47. a8=Q Rxa8 48. Rxa8 Qe5+ 49. Kh1 Qxd5 50. Ra1 Qb3 51. h4 d5 52. h5 d4 53. g4 d3 54. g5 hxg5 55. h6 d2 56. hxg7 d1=Q+ 57. Rxd1 Qxd1+ 58. Kh2 Kxg7 59. Kg2 Qe2+ 60. Kh1 g4 0-1

[Event "10th LBHM Open 2024"]
[Site "Pune"]
[Date "2024.05.21"]
[Round "5.10"]
[White "Bhosale Shriraj"]
[Black "Raman Siddhardh B"]
[Result "1-0"]
[ECO "A16"]
[WhiteElo "2036"]
[BlackElo "1762"]
[PlyCount "79"]
[EventDate "2024.05.21"]
[EventType "swiss"]
[EventCountry "IND"]
[TimeControl "5400+30"]

1. Nf3 Nf6 2. g3 g6 3. Bg2 Bg7 4. d3 d6 5. O-O O-O 6. c4 Nbd7 7. Nc3 Nb6 8. e4 e5 9. h3 Bd7 10. c5 Nc8 11. cxd6 cxd6 12. d4 Re8 13. Be3 Nb6 14. b3 Rc8 15. Rc1 Bc6 16. d5 Bd7 17. Qd3 Qe7 18. a4 Nh5 19. Nb5 Bxb5 20. Qxb5 f5 21. h4 f4 22. Bxb6 axb6 23. Bh3 Rxc1 24. Be6+ Kh8 25. Rxc1 fxg3 26. Rc7 Qf8 27. Rf7 Qg8 28. Rxg7 Nxg7 29. Bxg8 gxf2+ 30. Kxf2 Kxg8 31. Qxb6 Rf8 32. Qxd6 Nh5 33. Qe6+ Kg7 34. Qxe5+ Nf6 35. d6 Kg8 36. Qe6+ Kg7 37. d7 Kh6 38. Qxf6 Rxf6 39. d8=Q Rf8 40. Qd6 1-0

[Event "10th LBHM Open 2024"]
[Site "Pune"]
[Date "2024.05.21"]
[Round "6.1"]
[White "Ghosh, Diptayan"]
[Black "Nitin, S.."]
[Result "1/2-1/2"]
[ECO "E92"]
[WhiteElo "2564"]
[BlackElo "2356"]
[PlyCount "78"]
[EventDate "2024.05.21"]
[EventType "swiss"]
[EventCountry "IND"]
[TimeControl "5400+30"]

1. d4 Nf6 2. c4 g6 3. Nc3 Bg7 4. e4 d6 5. Be2 O-O 6. Be3 e5 7. Nf3 Ng4 8. Bg5 f6 9. Bc1 Nc6 10. d5 Ne7 11. h3 Nh6 12. g4 f5 13. Ng5 c6 14. Rg1 Kh8 15. Qd3 f4 16. Bd2 Nhg8 17. O-O-O Nf6 18. Kb1 h6 19. Ne6 Bxe6 20. dxe6 Ne8 21. g5 h5 22. Bc1 Nc7 23. Qxd6 Qxd6 24. Rxd6 Nc8 25. Rd7 Nxe6 26. Rxb7 Rd8 27. c5 Nxc5 28. Rc7 Nd6 29. Rxc6 Ncxe4 30. Nxe4 Nxe4 31. f3 Ng3 32. Bd1 Rd3 33. Kc2 Rad8 34. Rxg6 Nf5 35. Be2 Nd4+ 36. Kxd3 Nxf3+ 37. Ke4 Nxg1 38. Bxh5 Nxh3 39. Kf5 Rf8+ 1/2-1/2

[Event "10th LBHM Open 2024"]
[Site "Pune"]
[Date "2024.05.21"]
[Round "6.2"]
[White "Sharsha Backer"]
[Black "Aronyak Ghosh"]
[Result "1/2-1/2"]
[ECO "E11"]
[WhiteElo "1997"]
[BlackElo "2536"]
[PlyCount "63"]
[EventDate "2024.05.21"]
[EventType "swiss"]
[EventCountry "IND"]
[TimeControl "5400+30"]

1. d4 Nf6 2. c4 e6 3. Nf3 Bb4+ 4. Bd2 Qe7 5. g3 O-O 6. Bg2 Bxd2+ 7. Qxd2 d6 8. Nc3 e5 9. O-O Nc6 10. d5 Nb8 11. e4 Nh5 12. Ne1 f5 13. exf5 Bxf5 14. Nc2 Nd7 15. Ne3 Bg6 16. b4 a6 17. Rad1 Rae8 18. c5 e4 19. Nc4 Nhf6 20. c6 bxc6 21. dxc6 Ne5 22. Nxe5 Qxe5 23. Rfe1 Qh5 24. h3 Re5 25. Qe2 Qxe2 26. Rxe2 Rb8 27. Rd4 Rb6 28. Nxe4 Nxe4 29. Bxe4 Rxe4 30. Rexe4 Bxe4 31. Rxe4 Rxc6 32. Re7 1/2-1/2

[Event "10th LBHM Open 2024"]
[Site "Pune"]
[Date "2024.05.21"]
[Round "6.3"]
[White "Neelash Saha"]
[Black "Ratnakaran, K.."]
[Result "1-0"]
[ECO "A49"]
[WhiteElo "2483"]
[BlackElo "2275"]
[PlyCount "111"]
[EventDate "2024.05.21"]
[EventType "swiss"]
[EventCountry "IND"]
[TimeControl "5400+30"]

1. Nf3 Nf6 2. g3 g6 3. b3 Bg7 4. Bb2 O-O 5. Bg2 d6 6. d4 Nbd7 7. O-O e5 8. dxe5 Ng4 9. Qd2 dxe5 10. h3 Nh6 11. a4 Re8 12. Rd1 e4 13. Bxg7 Kxg7 14. Qc3+ f6 15. Ng5 e3 16. f4 Nf5 17. Ne4 Re6 18. g4 Nd6 19. Nxd6 cxd6 20. Na3 a6 21. Rd3 Qe7 22. Nc4 Nc5 23. Rxe3 Bd7 24. Rd1 Bc6 25. Bxc6 bxc6 26. Rxd6 Rxe3 27. Qxe3 Qxe3+ 28. Nxe3 Re8 29. Rxc6 Nxb3 30. Nd5 Nd2 31. Rc7+ Kf8 32. e3 Re4 33. Kf2 Rxa4 34. Nxf6 h6 35. Ke2 Rc4 36. Nd5 Rxc7 37. Nxc7 Ne4 38. Nxa6 Ke7 39. Nb4 Kd6 40. Nd3 g5 41. Nf2 Nc5 42. Kf3 Kd5 43. Ne4 Ne6 44. Nf6+ Kd6 45. c3 gxf4 46. exf4 Nc7 47. Ke4 Ke6 48. Nh5 Nb5 49. f5+ Kd6 50. c4 Nc3+ 51. Kd4 Ne2+ 52. Ke3 Nc3 53. Nf4 Kc5 54. Kd3 Nd1 55. Ne6+ Kd6 56. Kd4 1-0

[Event "10th LBHM Open 2024"]
[Site "Pune"]
[Date "2024.05.21"]
[Round "6.4"]
[White "Md Imran"]
[Black "Dere Pushkar"]
[Result "1/2-1/2"]
[ECO "D48"]
[WhiteElo "2184"]
[BlackElo "2209"]
[PlyCount "60"]
[EventDate "2024.05.21"]
[EventType "swiss"]
[EventCountry "IND"]
[TimeControl "5400+30"]

1. Nf3 d5 2. e3 Nf6 3. c4 c6 4. Nc3 Nbd7 5. d4 e6 6. Bd3 dxc4 7. Bxc4 b5 8. Bd3 a6 9. e4 c5 10. e5 Ng4 11. Be4 Ra7 12. O-O cxd4 13. Nxd4 Ndxe5 14. h3 Nf6 15. Bf4 Nxe4 16. Nxe4 Ng6 17. Bg5 f6 18. Be3 e5 19. Ne6 Qxd1 20. Rfxd1 Rd7 21. Nxf8 Kxf8 22. Nd6 Ke7 23. Rac1 Ke6 24. Ne4 Rxd1+ 25. Rxd1 Ne7 26. Kf1 Kf7 27. Kg1 Ke6 28. Kf1 Kf7 29. Kg1 Ke6 30. Kf1 Kf7 1/2-1/2

[Event "10th LBHM Open 2024"]
[Site "Pune"]
[Date "2024.05.21"]
[Round "6.5"]
[White "Agnivo Chakraborty"]
[Black "Koustuv Dash"]
[Result "1-0"]
[ECO "B12"]
[WhiteElo "1871"]
[BlackElo "2133"]
[PlyCount "111"]
[EventDate "2024.05.21"]
[EventType "swiss"]
[EventCountry "IND"]
[TimeControl "5400+30"]

1. e4 c6 2. d4 d5 3. e5 Bf5 4. Nc3 e6 5. g4 Bg6 6. Nge2 c5 7. h4 h6 8. Be3 Nc6 9. dxc5 Nxe5 10. Nd4 Nc6 11. Bb5 Qc8 12. f4 Nf6 13. f5 exf5 14. Qe2 Be7 15. h5 Bh7 16. g5 hxg5 17. Bxg5 O-O 18. Bxc6 bxc6 19. O-O-O Re8 20. Qf3 Ne4 21. Bxe7 Rxe7 22. Rhg1 Qd7 23. h6 f6 24. Nxc6 Qxc6 25. Nxd5 Rf7 26. Qb3 Kf8 27. Nf4 Re8 28. Qxf7+ Kxf7 29. Rxg7+ Kf8 30. Rxh7 Re7 31. Ng6+ Kg8 32. Nxe7+ Kxh7 33. Nxc6 Kxh6 34. Nd4 Nxc5 35. Nxf5+ Kg6 36. Ne7+ Kf7 37. Nc6 a6 38. Nb4 Ke6 39. Rd5 Ne4 40. Ra5 f5 41. Nd3 Nd6 42. Rxa6 Kd5 43. Rxd6+ Kxd6 44. Kd2 Kd5 45. Ke3 Kc4 46. Kf4 Kb5 47. Kxf5 Ka6 48. Ke6 Ka7 49. Kd7 Ka8 50. c4 Ka7 51. c5 Ka6 52. c6 Kb6 53. c7 Ka7 54. c8=Q Kb6 55. Qc6+ Ka7 56. Qb5 1-0

[Event "10th LBHM Open 2024"]
[Site "Pune"]
[Date "2024.05.21"]
[Round "6.6"]
[White "Banik Hrishikesh Kumar"]
[Black "Dutta, Joydeep"]
[Result "1/2-1/2"]
[ECO "C54"]
[WhiteElo "1869"]
[BlackElo "2073"]
[PlyCount "48"]
[EventDate "2024.05.21"]
[EventType "swiss"]
[EventCountry "IND"]
[TimeControl "5400+30"]

1. e4 e5 2. Nf3 Nc6 3. Bc4 Nf6 4. d3 Bc5 5. c3 d6 6. O-O O-O 7. Bb3 a6 8. Nbd2 Ba7 9. h3 Nh5 10. Nc4 Qf6 11. Ne3 Nf4 12. Nd5 Nxd5 13. exd5 Nb8 14. d4 exd4 15. Nxd4 Nd7 16. Be3 Re8 17. Qd2 Nf8 18. Rae1 Bd7 19. Bg5 Qg6 20. Bc2 Qh5 21. Bd1 Qg6 22. Bc2 Qh5 23. Bd1 Qg6 24. Bc2 Qh5 1/2-1/2

[Event "10th LBHM Open 2024"]
[Site "Pune"]
[Date "2024.05.21"]
[Round "6.7"]
[White "Samuel Stephen Noble S"]
[Black "Bhosale Shriraj"]
[Result "0-1"]
[ECO "A21"]
[WhiteElo "1869"]
[BlackElo "2036"]
[PlyCount "82"]
[EventDate "2024.05.21"]
[EventType "swiss"]
[EventCountry "IND"]
[TimeControl "5400+30"]

1. Nf3 g6 2. g3 Bg7 3. Bg2 e5 4. d3 d6 5. c4 Ne7 6. Nc3 O-O 7. Rb1 f5 8. e3 c6 9. O-O h6 10. Ne1 Be6 11. f4 exf4 12. gxf4 d5 13. cxd5 Nxd5 14. Qd2 Nxe3 15. Qe2 Nxf1 16. Qxe6+ Kh7 17. Kxf1 Re8 18. Qb3 Nd7 19. Bd2 Nf6 20. Qd1 Ng4 21. h3 Qh4 22. hxg4 Bd4 23. Be3 Bxe3 24. Qc2 fxg4 25. Ne4 Rf8 26. Ke2 Bxf4 27. Qb3 Qe7 28. Nc2 h5 29. Rh1 Rad8 30. a3 Bh6 31. Qc4 g3 32. Bf3 Qe5 33. Qb4 Rf7 34. Rh3 Qf5 35. Rxg3 h4 36. Nd4 Rxd4 37. Qxd4 hxg3 38. Bg2 Qf4 39. Qc4 Qe3+ 40. Kd1 Rf2 41. Qb4 Qe2# 0-1

[Event "10th LBHM Open 2024"]
[Site "Pune"]
[Date "2024.05.21"]
[Round "6.8"]
[White "Arpith S Bijoy"]
[Black "Sherla Prathamesh"]
[Result "1/2-1/2"]
[ECO "A01"]
[WhiteElo "2011"]
[BlackElo "1855"]
[PlyCount "90"]
[EventDate "2024.05.21"]
[EventType "swiss"]
[EventCountry "IND"]
[TimeControl "5400+30"]

1. b3 c5 2. Bb2 Nc6 3. e3 e5 4. c4 g6 5. Nc3 Bg7 6. g3 Nge7 7. h4 h6 8. h5 g5 9. f4 gxf4 10. gxf4 d6 11. Qf3 Be6 12. Bh3 f5 13. O-O-O Qd7 14. Nge2 O-O-O 15. d4 exd4 16. exd4 Bxd4 17. Rhe1 d5 18. Na4 Bxb2+ 19. Kxb2 b6 20. Nac3 d4 21. Nb5 a6 22. Na3 Qd6 23. Nc1 Bd7 24. Bg2 Ng8 25. Nd3 Nf6 26. Nb1 Rhg8 27. Ne5 Ne4 28. Nd2 Nxe5 29. fxe5 Qxe5 30. Nxe4 fxe4 31. Rxe4 Qf5 32. Qe2 Rxg2 33. Qxg2 Bc6 34. Rde1 Bxe4 35. Rxe4 d3 36. Re1 Qf6+ 37. Ka3 Kb8 38. Rf1 Qd6 39. Rf7 Rd7 40. Qg8+ Kb7 41. Qg6 Kc7 42. Rf6 Qxf6 43. Qxf6 d2 44. Qf4+ Rd6 45. Qf7+ Rd7 1/2-1/2

[Event "10th LBHM Open 2024"]
[Site "Pune"]
[Date "2024.05.21"]
[Round "6.9"]
[White "Gyana Sai Santhosh M"]
[Black "Suraj Dahiya"]
[Result "1-0"]
[ECO "C06"]
[WhiteElo "1874"]
[BlackElo "1892"]
[PlyCount "89"]
[EventDate "2024.05.21"]
[EventType "swiss"]
[EventCountry "IND"]
[TimeControl "5400+30"]

1. e4 e6 2. d4 d5 3. Nd2 Nf6 4. Bd3 c5 5. e5 Nfd7 6. c3 Nc6 7. Ne2 cxd4 8. cxd4 f6 9. exf6 Nxf6 10. Nf3 Bd6 11. O-O Qc7 12. Re1 O-O 13. Bg5 h6 14. Bh4 Nh5 15. Bg6 Rxf3 16. gxf3 Bxh2+ 17. Kg2 Nf4+ 18. Nxf4 Qxf4 19. Bg3 Bxg3 20. fxg3 Qf6 21. Qd3 Nxd4 22. Rac1 e5 23. Rc7 Be6 24. Rxb7 Rf8 25. Rf1 Bc8 26. Rxa7 Qe6 27. g4 Qc6 28. f4 Bxg4 29. Bh7+ Kh8 30. Qg6 Qxg6 31. Bxg6 e4 32. Ra5 Nf5 33. Bxf5 Rxf5 34. Kg3 h5 35. Re1 Bf3 36. b4 h4+ 37. Kxh4 Rxf4+ 38. Kg5 Rg4+ 39. Kf5 d4 40. Rd5 d3 41. Rd8+ Kh7 42. Rh1+ Bxh1 43. Kxg4 Bf3+ 44. Kf4 g5+ 45. Kxg5 1-0

[Event "10th LBHM Open 2024"]
[Site "Pune"]
[Date "2024.05.21"]
[Round "6.10"]
[White "Andalamala Hemal Varshan"]
[Black "Singla Aaryan"]
[Result "0-1"]
[ECO "B30"]
[WhiteElo "1890"]
[BlackElo "1798"]
[PlyCount "78"]
[EventDate "2024.05.21"]
[EventType "swiss"]
[EventCountry "IND"]
[TimeControl "5400+30"]

1. e4 c5 2. Nf3 Nc6 3. Bb5 e6 4. O-O Nge7 5. Re1 Ng6 6. c3 Qb6 7. Bf1 Be7 8. d4 cxd4 9. cxd4 d5 10. exd5 exd5 11. Nc3 Be6 12. Be3 O-O 13. Qd2 Rfd8 14. h3 Rac8 15. Rac1 Na5 16. Ng5 Nf8 17. Nxe6 Nxe6 18. Bd3 Qd6 19. Qe2 Bf6 20. Qg4 g6 21. Rcd1 Nc4 22. Bxc4 Rxc4 23. Rd2 a6 24. Red1 b5 25. Qf3 Bg7 26. Ne2 Qd7 27. Nc1 f5 28. g3 Rf8 29. Nd3 f4 30. Nxf4 Nxf4 31. gxf4 g5 32. Qg3 gxf4 33. Bxf4 Rc6 34. Kh2 Qf5 35. Be3 Rg6 36. Qh4 Qf3 37. Rg1 Rxg1 38. Kxg1 Rf6 39. Kf1 Qxe3 0-1

[Event "10th LBHM Open 2024"]
[Site "Pune"]
[Date "2024.05.21"]
[Round "7.1"]
[White "Aronyak Ghosh"]
[Black "Neelash Saha"]
[Result "1/2-1/2"]
[ECO "D36"]
[WhiteElo "2536"]
[BlackElo "2483"]
[PlyCount "131"]
[EventDate "2024.05.21"]
[EventType "swiss"]
[EventCountry "IND"]
[TimeControl "5400+30"]

1. c4 e6 2. Nc3 d5 3. d4 Nf6 4. cxd5 exd5 5. Bg5 Nbd7 6. e3 c6 7. Bd3 Be7 8. h3 Nf8 9. Nf3 Ne6 10. Bh4 g6 11. Qc2 Ng7 12. g4 h5 13. O-O-O hxg4 14. Bxf6 Bxf6 15. hxg4 Ne6 16. Ne5 Nf8 17. Be2 Rxh1 18. Rxh1 Bxe5 19. dxe5 Qe7 20. f4 f6 21. exf6 Qxf6 22. Na4 Qe7 23. Qc3 Bd7 24. Nc5 O-O-O 25. Qa3 a5 26. Rh3 b6 27. Nxd7 Kxd7 28. Qxe7+ Kxe7 29. Bd3 Kf6 30. Kd2 Kg7 31. g5 d4 32. Rh6 dxe3+ 33. Kxe3 Rd5 34. Be4 Rc5 35. Rh2 Rc1 36. Rh1 Rc4 37. Rd1 Rb4 38. Rd6 Rxb2 39. Rxc6 Rxa2 40. Rxb6 Ra3+ 41. Bd3 Ra4 42. Rc6 Rb4 43. Rc7+ Kh8 44. Rc8 Kg7 45. Rc7+ Kh8 46. Bc4 a4 47. Rc8 Kg7 48. Rc7+ Kh8 49. Kd3 Rb8 50. Ra7 Rd8+ 51. Ke3 Rd7 52. Rxa4 Kg7 53. Ra6 Re7+ 54. Kd4 Rd7+ 55. Kc5 Rc7+ 56. Rc6 Rxc6+ 57. Kxc6 Nh7 58. Kd5 Nf8 59. Kd6 Nh7 60. Ke5 Nf8 61. Be6 Nh7 62. Kd6 Nf8 63. f5 Nh7 64. fxg6 Kxg6 65. Bf5+ Kxg5 66. Bxh7 1/2-1/2

[Event "10th LBHM Open 2024"]
[Site "Pune"]
[Date "2024.05.21"]
[Round "7.2"]
[White "Singla Aaryan"]
[Black "Ghosh, Diptayan"]
[Result "0-1"]
[ECO "E46"]
[WhiteElo "1798"]
[BlackElo "2564"]
[PlyCount "78"]
[EventDate "2024.05.21"]
[EventType "swiss"]
[EventCountry "IND"]
[TimeControl "5400+30"]

1. d4 Nf6 2. c4 e6 3. Nc3 Bb4 4. e3 O-O 5. Nge2 d5 6. a3 Be7 7. Ng3 b6 8. Be2 Ba6 9. cxd5 Bxe2 10. Qxe2 exd5 11. O-O Re8 12. b4 Bd6 13. Nh5 Nbd7 14. Nxf6+ Nxf6 15. f3 c5 16. bxc5 bxc5 17. Qd3 Rc8 18. Nb5 c4 19. Qf5 Rb8 20. Nc3 Rb3 21. Qc2 Qc7 22. h3 Qc6 23. Bd2 h6 24. Rfb1 Reb8 25. Rxb3 cxb3 26. Qd3 Bc7 27. Rc1 Ba5 28. Nb1 Qb6 29. Rc5 Bxd2 30. Qxd2 Nd7 31. Rc3 a5 32. a4 Qb4 33. Rc7 Qxa4 34. Nc3 Qa1+ 35. Kh2 Nf6 36. Qd3 Qa3 37. Rc5 b2 38. Qc2 g6 39. Qb1 Kg7 0-1

[Event "10th LBHM Open 2024"]
[Site "Pune"]
[Date "2024.05.21"]
[Round "7.3"]
[White "Nitin, S.."]
[Black "Sharsha Backer"]
[Result "1-0"]
[ECO "B85"]
[WhiteElo "2356"]
[BlackElo "1997"]
[PlyCount "83"]
[EventDate "2024.05.21"]
[EventType "swiss"]
[EventCountry "IND"]
[TimeControl "5400+30"]

1. e4 c5 2. Nc3 Nc6 3. Bb5 Nd4 4. Nf3 e6 5. O-O a6 6. Bd3 Nc6 7. Be2 Nf6 8. d4 cxd4 9. Nxd4 Qc7 10. Be3 Be7 11. f4 d6 12. a4 O-O 13. Nb3 b6 14. g4 Nd7 15. g5 Re8 16. Bf3 Bf8 17. Bg2 Bb7 18. Rf3 g6 19. Rh3 Bg7 20. Qe1 Nb4 21. Qf2 Rab8 22. Rf1 Ba8 23. Bd4 Bxd4 24. Nxd4 Qc5 25. Nd1 Nc6 26. c3 Nxd4 27. cxd4 Qb4 28. Nc3 Re7 29. f5 exf5 30. exf5 Bxg2 31. Kxg2 Qc4 32. Qh4 Nf8 33. f6 Re2+ 34. Nxe2 Qxe2+ 35. Rf2 Qe6 36. Rff3 h5 37. gxh6 Nh7 38. Re3 Qd5+ 39. Kg1 Rc8 40. Rc3 Rxc3 41. Rxc3 Ng5 42. h7+ 1-0

[Event "10th LBHM Open 2024"]
[Site "Pune"]
[Date "2024.05.21"]
[Round "7.4"]
[White "Dere Pushkar"]
[Black "Agnivo Chakraborty"]
[Result "1-0"]
[ECO "B22"]
[WhiteElo "2209"]
[BlackElo "1871"]
[PlyCount "111"]
[EventDate "2024.05.21"]
[EventType "swiss"]
[EventCountry "IND"]
[TimeControl "5400+30"]

1. e4 c5 2. Nf3 a6 3. c3 e6 4. d4 d5 5. exd5 exd5 6. Bd3 c4 7. Bc2 Bd6 8. O-O Ne7 9. Ne5 Bxe5 10. dxe5 Nbc6 11. Qh5 Qc7 12. Re1 Be6 13. Nd2 O-O-O 14. b3 Ng6 15. Nf3 d4 16. cxd4 Nxd4 17. Nxd4 Rxd4 18. Bxg6 fxg6 19. Qe2 Qa5 20. Be3 Re4 21. bxc4 Qxe5 22. Rac1 Re8 23. c5 Bd5 24. Red1 Qe6 25. h3 Ra4 26. Qd3 Rd8 27. c6 bxc6 28. Bg5 Rd7 29. Re1 Qf7 30. Qg3 Re4 31. Rxe4 Bxe4 32. Qa3 Qf5 33. Qxa6+ Rb7 34. Qa8+ Rb8 35. Qa6+ Rb7 36. Be3 Bd5 37. f3 Kc7 38. Re1 Rb1 39. Bb6+ Rxb6 40. Qa7+ Rb7 41. Re7+ Kd6 42. Rxb7 Qg5 43. Qb8+ Ke6 44. Qe8+ Kf5 45. Qe1 Qf4 46. Rb4 Qd6 47. a3 h6 48. Qe3 g5 49. Rb7 Kg6 50. Qd3+ Kh5 51. Rxg7 Qf6 52. Qg6+ Qxg6 53. g4+ Kh4 54. Rxg6 h5 55. Kh2 Bxf3 56. Rh6 1-0

[Event "10th LBHM Open 2024"]
[Site "Pune"]
[Date "2024.05.21"]
[Round "7.5"]
[White "Bhosale Shriraj"]
[Black "Gyana Sai Santhosh M"]
[Result "1-0"]
[ECO "A08"]
[WhiteElo "2036"]
[BlackElo "1874"]
[PlyCount "61"]
[EventDate "2024.05.21"]
[EventType "swiss"]
[EventCountry "IND"]
[TimeControl "5400+30"]

1. Nf3 Nf6 2. g3 d5 3. Bg2 c5 4. O-O Nc6 5. d3 e5 6. a3 Be7 7. c4 O-O 8. cxd5 Nxd5 9. b3 Be6 10. Bb2 f6 11. Nbd2 Rc8 12. e3 Bg4 13. h3 Bh5 14. Rc1 b6 15. Re1 Re8 16. Nf1 Bf8 17. g4 Bf7 18. Ng3 b5 19. Nd2 a6 20. Be4 Na5 21. Qf3 g6 22. b4 Nb7 23. Nb3 Qd7 24. bxc5 Nxc5 25. Nxc5 Bxc5 26. Red1 Be7 27. Rxc8 Rxc8 28. d4 exd4 29. Rxd4 Rc5 30. Ne2 Qe6 31. Bxd5 1-0

[Event "10th LBHM Open 2024"]
[Site "Pune"]
[Date "2024.05.21"]
[Round "7.6"]
[White "Ratnakaran, K.."]
[Black "Sree Shaunak Chanda"]
[Result "1-0"]
[ECO "C77"]
[WhiteElo "2275"]
[BlackElo "1854"]
[PlyCount "103"]
[EventDate "2024.05.21"]
[EventType "swiss"]
[EventCountry "IND"]
[TimeControl "5400+30"]

1. e4 e5 2. Nf3 Nc6 3. Bb5 a6 4. Ba4 Nf6 5. d3 b5 6. Bb3 Bc5 7. c3 d6 8. h3 h6 9. Nbd2 O-O 10. g4 Be6 11. g5 Nh5 12. d4 exd4 13. cxd4 Bxd4 14. Nxd4 Nxd4 15. Qxh5 Bxb3 16. Nxb3 Nc2+ 17. Kf1 Nxa1 18. Nxa1 Qe7 19. f3 Qe5 20. Rg1 f6 21. h4 fxg5 22. Kg2 d5 23. hxg5 dxe4 24. f4 Qd5 25. Qd1 Qf5 26. Qb3+ Kh7 27. Qh3 Qxh3+ 28. Kxh3 hxg5 29. Rxg5 Rad8 30. Nb3 Rd3+ 31. Kg2 Rf6 32. Nc5 Rd1 33. Be3 Ra1 34. Nxe4 Rc6 35. Bd4 Rg6 36. f5 Rxg5+ 37. Nxg5+ Kg8 38. a3 Rd1 39. Ne6 c5 40. Bxg7 Rd5 41. f6 Kf7 42. Nf4 Rd2+ 43. Kf3 Rxb2 44. Nd3 Rb3 45. Ke4 Rxd3 46. Kxd3 a5 47. Ke4 a4 48. Kf5 b4 49. Bh6 bxa3 50. Bc1 a2 51. Bb2 c4 52. Ke5 1-0

[Event "10th LBHM Open 2024"]
[Site "Pune"]
[Date "2024.05.21"]
[Round "7.7"]
[White "Suhrud Sudheer Acharya K"]
[Black "Md Imran"]
[Result "0-1"]
[ECO "A06"]
[WhiteElo "1849"]
[BlackElo "2184"]
[PlyCount "56"]
[EventDate "2024.05.21"]
[EventType "swiss"]
[EventCountry "IND"]
[TimeControl "5400+30"]

1. Nf3 c5 2. b3 d5 3. e3 Nf6 4. Bb2 Bf5 5. Bb5+ Nbd7 6. O-O e6 7. c4 a6 8. Bxd7+ Qxd7 9. Ne5 Qc7 10. cxd5 Bd6 11. d4 exd5 12. Nd2 O-O 13. Ndf3 c4 14. Nh4 Be6 15. Rc1 b5 16. f4 Ne4 17. f5 Bc8 18. f6 g6 19. Qe1 Re8 20. Kh1 Be6 21. g4 b4 22. Nf5 Bxf5 23. gxf5 Bxe5 24. dxe5 c3 25. fxg6 hxg6 26. Qh4 Qxe5 27. Ba1 d4 28. exd4 Qd5 0-1

[Event "10th LBHM Open 2024"]
[Site "Pune"]
[Date "2024.05.21"]
[Round "7.8"]
[White "Dave, Kantilal"]
[Black "Sharnarthi Viresh"]
[Result "0-1"]
[ECO "A05"]
[WhiteElo "1791"]
[BlackElo "2078"]
[PlyCount "62"]
[EventDate "2024.05.21"]
[EventType "swiss"]
[EventCountry "IND"]
[TimeControl "5400+30"]

1. Nf3 Nf6 2. e3 g6 3. b3 Bg7 4. Bb2 d6 5. d3 e5 6. Nbd2 O-O 7. c4 Ne8 8. Qc2 Nc6 9. a3 a5 10. Rc1 f5 11. Bc3 g5 12. b4 axb4 13. axb4 g4 14. Ng1 f4 15. exf4 exf4 16. b5 Nd4 17. Qb2 Ne6 18. Ne2 Nc5 19. Nd4 Qe7+ 20. Kd1 Na4 21. Qc2 Nxc3+ 22. Qxc3 f3 23. g3 d5 24. N2b3 Nd6 25. Qd2 dxc4 26. dxc4 Ne4 27. Qe3 Bxd4 28. Nxd4 Ra3 29. Nb3 Rd8+ 30. Kc2 Ra2+ 31. Kb1 Qa3 0-1